 Dungeon Crawl Stone Soup version 0.23.2-40-g277498a001 (webtiles) character file.

Game seed: 8126040167223670422

2699 Htamos the Agent of Entropy (level 9, -4/72 HPs)
             Began as a Demonspawn Abyssal Knight on Sept 3, 2019.
             Was a Priest of Lugonu.
             Killed from afar by Erica (9 damage)
             ... with an orb of energy
             ... on level 8 of the Dungeon.
             The game lasted 00:32:21 (12640 turns).

Htamos the Agent of Entropy (DsAK)                 Turns: 12640, Time: 00:32:21

Health: -4/72      AC: 14    Str: 15    XL:     9   Next: 38%
Magic:  0/15       EV: 11    Int: 13    God:    Lugonu [***...]
Gold:   127        SH:  0    Dex: 14    Spells: 8/8 levels left

rFire    . . .     SeeInvis .   D - +8 trident
rCold    . . .     Gourm    .   (no shield)
rNeg     . . .     Faith    .   s - +1 chain mail
rPois    .         Spirit   +   (helmet restricted)
rElec    .         Reflect  .   v - +0 cloak
rCorr    .         Harm     .   (no gloves)
MR       .....     Rnd*Tele +   j - +0 pair of boots
Stlth    ..........             k - amulet of rage
HPRegen  0.22/turn              m - +3 ring of evasion
MPRegen  0.14/turn              y - ring of teleportation (curse)

@: confused, slowed, very slow
A: antennae 2, molten scales 1, magic shield
a: Depart the Abyss, Bend Space, Banish, Renounce Religion, Evoke Berserk Rage


You were on level 8 of the Dungeon.
You worshipped Lugonu.
Lugonu was most pleased with you.
You were not hungry.

You visited 1 branch of the dungeon, and saw 8 of its levels.
You visited the Abyss 1 time.

You collected 351 gold pieces.
You spent 224 gold pieces at shops.

Inventory:

Hand Weapons
 a - a +1 hand axe
 o - a +1 dagger of flaming
 q - a +0 war axe
 D - a +8 trident (weapon)
Missiles
 c - 2 throwing nets
 d - 59 bolts
 p - 8 tomahawks (quivered)
Armour
 b - a +0 leather armour
 g - a +0 ring mail
 j - a +0 pair of boots (worn)
 s - a +1 chain mail (worn)
 t - a +0 plate armour
 v - a +0 cloak (worn)
Jewellery
 k - an amulet of rage (around neck)
 l - an uncursed amulet of harm
 m - a +3 ring of evasion (left hand)
 x - an uncursed amulet of regeneration
 y - a cursed ring of teleportation (right hand)
Wands
 A - a wand of digging (3)
 L - a wand of flame (27)
Scrolls
 e - a scroll of immolation
 f - 2 scrolls of remove curse
 h - 2 scrolls of enchant armour
 r - a scroll of amnesia
 u - a scroll of noise
 B - a scroll of teleportation
 K - a scroll of fog
Potions
 n - a potion of magic
 w - a potion of flight
 C - 2 potions of haste
 E - a potion of brilliance
 H - a potion of mutation
 I - 2 potions of resistance
Comestibles
 i - 3 rations


   Skills:
 + Level 7.6 Fighting
 - Level 6.5(6.6) Axes
 + Level 0.8(4.1) Polearms
 + Level 4.2 Armour
 - Level 3.5 Dodging
 + Level 8.0 Invocations


You had 8 spell levels left.
You didn't know any spells.
Your spell library was empty.

Dungeon Overview and Level Annotations

Branches:
Dungeon (8/15)             Temple (0/1) D:6
   Lair: D:8-11

Altars:
Fedhas
Sif Muna
Vehumet
Xom
Yredelemnul
Zin

Shops:
D:7 }

Annotations:
D:1 exclusion: 2 downstairs
D:4 exclusion: downstairs
D:8 Erica


Innate Abilities, Weirdness & Mutations

You have a pair of antennae on your head.
You are partially covered in molten scales. (AC +2)
When hurt, damage is shared between your health and your magic reserves.


Message History

Space bends around you!
You blink.
* * * LOW MAGIC WARNING * * *
You feel less wooden.
Your +0 cloak unmelds from your body.
Your +0 pair of boots unmelds from your body.
Your +1 chain mail unmelds from your body.
You hear some strange, mumbled words.
An orb of energy appears from out of thin air!
The orb of energy misses you.
The orb of energy explodes!
You hear some strange, mumbled words.
An orb of energy appears from out of thin air!
The orb of energy hits you!
* * * LOW MAGIC WARNING * * *;
* * * LOW HITPOINT WARNING * * *
The orb of energy explodes!
You are confused.
There is a stone staircase leading up here.
You hear some strange, mumbled words.
An orb of energy appears from out of thin air!
The orb of energy hits you!
You die...

#.......# ...#
######o##....##
#####o{ooF....
#.ยง{{o##......
#{##### {.....
#{# +#.. #.# ?
#o######
#.{...@#
########


You could see an orc warrior.

Vanquished Creatures
  A hippogriff (D:7)
  2 sky beasts
  An ice beast (D:7)
  A phantom (D:5)
  4 killer bees (D:7)
  4 ogres
  A wolf (D:6)
  A centaur (D:7)
  A bullfrog (D:6)
  Dowan (D:6)
  3 scorpions
  5 wights (D:7)
  2 howler monkeys (D:4)
  A crimson imp (D:7)
  A quasit (D:7)
  3 orc priests
  2 hounds
  A jelly (D:6)
  Crazy Yiuf (D:6)
  An iguana (D:5)
  A bullfrog skeleton (D:6)
  4 orc wizards
  Natasha (thrice) (D:4)
  2 worker ants (D:4)
  A worker ant zombie (D:5)
  4 gnolls (D:3)
  13 adders
  An ooze (D:2)
  4 worms
  2 dart slugs
  6 leopard geckos
  26 orcs
  3 ball pythons
  6 bats
  8 giant cockroaches
  7 goblins
  7 hobgoblins
  10 jackals
  10 kobolds
  4 quokkas
  9 frilled lizards
  A leopard gecko skeleton (D:5)
  7 rats
176 creatures vanquished.

Vanquished Creatures (others)
  A black bear (D:7)
  A killer bee (D:7)
2 creatures vanquished.

Grand Total: 178 creatures vanquished

Notes
Turn   | Place    | Note
-------+----------+-------------------------------------------
     0 | Abyss:1  | Htamos the Demonspawn Abyssal Knight began the quest for
                  | the Orb.
     0 | Abyss:1  | Reached XP level 1. HP: 18/18 MP: 2/2
    14 | Abyss:1  | Found a corrupted altar of Lugonu.
    64 | Abyss:1  | Noticed a wretched star
    66 | D:1      | Escaped the Abyss
   108 | D:1      | Reached skill level 1 in Dodging
   382 | D:1      | Gained mutation: You have a pair of small antennae on your
                  | head. [demonic ancestry]
   382 | D:1      | Reached XP level 2. HP: 16/24 MP: 4/4
   691 | D:1      | Reached * piety under Lugonu
  1256 | D:2      | Noticed an ogre
  1368 | D:2      | Reached skill level 3 in Invocations
  1405 | D:2      | Reached XP level 3. HP: 21/29 MP: 5/5
  2053 | D:3      | Reached XP level 4. HP: 19/37 MP: 6/6
  2791 | D:3      | Found a faded altar of an unknown god.
  2801 | D:3      | Reached ** piety under Lugonu
  2896 | D:3      | Reached XP level 5. HP: 41/42 MP: 7/7
  3017 | D:3      | Reached skill level 4 in Invocations
  4240 | D:4      | Reached XP level 6. HP: 19/50 MP: 9/9
  4262 | D:3      | HP: 2/50 [poisoned by a scorpion]
  4269 | D:3      | HP: 2/50 [poisoned by a scorpion]
  4277 | D:3      | HP: 1/50 [poisoned by a scorpion]
  4659 | D:3      | Reached skill level 5 in Fighting
  5383 | D:4      | Found a deep blue altar of Sif Muna.
  5949 | D:4      | Noticed Natasha
  5969 | D:4      | Killed Natasha
  5969 | D:4      | Gained mutation: You have a pair of antennae on your head.
                  | [demonic ancestry]
  5969 | D:4      | Reached XP level 7. HP: 53/56 MP: 10/10
  6150 | D:4      | Reached skill level 5 in Invocations
  6248 | D:4      | Noticed Natasha
  6260 | D:4      | Killed Natasha
  6442 | D:4      | Noticed Natasha
  6448 | D:4      | Killed Natasha
  6613 | D:2      | Reached *** piety under Lugonu
  6816 | D:2      | You fall through a shaft for 2 floors!
  7173 | D:2      | Found a blossoming altar of Fedhas.
  7253 | D:2      | Found a glowing silver altar of Zin.
  7451 | D:5      | Entered Level 5 of the Dungeon
  7731 | D:5      | Found a basalt altar of Yredelemnul.
  7898 | D:5      | Gained mutation: You are partially covered in molten
                  | scales. (AC +2) [demonic ancestry]
  7898 | D:5      | Reached XP level 8. HP: 60/65 MP: 12/12
  7988 | D:5      | Reached skill level 6 in Invocations
  8881 | D:5      | Found a basalt altar of Yredelemnul.
  9033 | D:5      | Found a shimmering altar of Xom.
  9034 | D:5      | Found a radiant altar of Vehumet.
  9760 | D:6      | Found a runed translucent door.
  9761 | D:6      | Noticed Crazy Yiuf
  9922 | D:6      | Noticed Duvessa
  9923 | D:6      | Noticed Dowan
  9926 | D:6      | Noticed Duvessa
  9926 | D:6      | Duvessa changed into Duvessa the wolf
  9949 | D:6      | Killed Duvessa the wolf
  9953 | D:6      | Killed Dowan
 10225 | D:6      | Found a staircase to the Ecumenical Temple.
 10273 | D:6      | Reached skill level 5 in Axes
 10866 | D:6      | Killed Crazy Yiuf
 11218 | D:7      | Reached skill level 7 in Invocations
 11302 | D:7      | Gained mutation: When hurt, damage is shared between your
                  | health and your magic reserves. [demonic ancestry]
 11302 | D:7      | Reached XP level 9. HP: 38/72 MP: 14/14
 11973 | D:7      | Reached **** piety under Lugonu
 12200 | D:7      | Found Conomeh's Gadget Boutique.
 12206 | D:7      | Bought a wand of digging (4) for 224 gold pieces
 12607 | D:8      | Noticed Erica
 12614 | D:8      | Reached skill level 8 in Invocations
 12640 | D:8      | Killed from afar by Erica

Skill      XL: |  1  2  3  4  5  6  7  8  9 |
---------------+----------------------------+-----
Dodging        | 1 2 3 |  3.5
Axes           | 2 3 4 6 |  6.5
Invocations    | 3 4 5 7 8 |  8.0
Fighting       | 4 5 6 7 |  7.6
Armour         | 2 3 4 |  4.2
Polearms       | |  0.8

Action                   |  1- 3 |  4- 6 |  7- 9 || total
-------------------------+-------+-------+-------++-------
Melee: Hand axe          |    98 |   273 |   484 ||   855
       Unarmed           |       |       |     4 ||     4
       Trident           |       |       |    41 ||    41
Invok: Depart the Abyss  |     1 |       |       ||     1
       Banish            |       |       |     3 ||     3
       Bend Space        |       |       |     1 ||     1
 Abil: Evoke Berserk Rag |     1 |     4 |    11 ||    16
Evoke: Wand              |       |       |    17 ||    17
  Use: Scroll            |     1 |       |    16 ||    17
       Potion            |       |     8 |     3 ||    11
 Stab: Sleeping          |     2 |     1 |       ||     3
  Eat: Chunk             |     3 |     9 |    26 ||    38
       Ration            |       |     2 |     3 ||     5
Armor: Leather armour    |    41 |    39 |       ||    80
       Chain mail        |       |    63 |   292 ||   355
       Skin              |       |       |     8 ||     8
Dodge: Dodged            |    61 |   162 |   317 ||   540
